 Dungeon Crawl Stone Soup version 0.27.1 (webtiles) character file.

Game seed: 4493597021307953879

35 Gwenloh the Skirmisher (level 3, -1/29 HPs)
             Began as a Demonspawn Abyssal Knight on Aug 24, 2021.
             Was a Believer of Lugonu.
             Frozen to death by an endoplasm (5 damage)
             ... on level 1 of the Dungeon.
             The game lasted 00:03:16 (1478 turns).

Gwenloh the Skirmisher (Demonspawn Abyssal Knight)  Turns: 1478, Time: 00:03:16

Health: -1/29      AC:  3    Str: 12    XL:     3   Next: 17%
Magic:  3/4        EV: 11    Int: 19    God:    Lugonu [**....]
Gold:   100        SH:  4    Dex: 13    Spells: 2/2 levels left

rFire    . . .     SeeInvis .   a - +1 mace
rCold    . . .     Faith    .   (no shield)
rNeg     . . .     Spirit   .   b - +0 leather armour
rPois    .         Reflect  .   (no helmet)
rElec    .         Harm     .   (no cloak)
rCorr    .         Rampage  .   (no gloves)
Will     .....                  (no boots)
Stlth    +.........             (no amulet)
HPRegen  0.09/turn              h - +6 ring of intelligence
MPRegen  0.09/turn              (no ring)

@: no status effects
A: condensation shield
a: Renounce Religion, Depart the Abyss, Bend Space


You were on level 1 of the Dungeon.
You worshipped Lugonu.
Lugonu was pleased with you.
You visited 1 branch of the dungeon, and saw 2 of its levels.
You visited the Abyss 1 time.

You collected 100 gold pieces.

Inventory:

Hand Weapons
 a - a +1 mace (weapon)
Missiles
 c - 26 stones (quivered)
Armour
 b - a +0 leather armour (worn)
Jewellery
 h - a +6 ring of intelligence (left hand)
Scrolls
 d - a scroll of vulnerability {unknown}
 e - a scroll of teleportation {unknown}
 g - a scroll of identify {unknown}
Potions
 f - a potion of degeneration {unknown}


   Skills:
 - Level 3.2 Fighting
 + Level 3.1 Maces & Flails
 - Level 1.7 Armour
 - Level 0.8 Dodging
 - Level 2.6 Invocations


You had 2 spell levels left.
You didn't know any spells.
Your spell library was empty.

Dungeon Overview and Level Annotations

Branches:
Dungeon (2/15)

Altars:


Innate Abilities, Weirdness & Mutations

A meltable shield of frost defends you. (SH +4)


Message History

Press: ? - help, Q - select action, (/) - cycle Shift-Dir - straight line, f - adder
Aim: an adder (38% to hit)
You throw a stone. The stone misses the adder.
The adder bites you.
You sock the adder!
The adder is almost dead.
The adder bites you.
You hit the adder but do no damage.
The adder is severely wounded.
The adder bites you. The adder bites you but does no damage.
You closely miss the adder.
The adder is severely wounded.
The adder bites you.
You closely miss the adder.
The adder is severely wounded.
The adder closely misses you. The adder bites you.
You are poisoned.
The adder poisons you!
You hit the adder but do no damage.
The adder is severely wounded.
You feel sick. The adder closely misses you. The adder bites you.
Space bends around you!
You blink.
An endoplasm comes into view.
Found 27 stones.
You feel sick.
You feel sick.
The endoplasm quivers.
You feel sick.
There is a stone staircase leading up here.
You feel sick. You block the endoplasm's attack.
You climb upwards.
You feel sick.
You are no longer poisoned.
There is a stone staircase leading down here.
Space bends around you!
You blink.
You fail to use your ability.
The endoplasm barely misses you.
You aren't in the Abyss!
Space bends around you!
You blink.
The endoplasm hits you but does no damage.
The endoplasm freezes you.
You are frozen.
You die...

...# #.......♣♣......#
...####.....♣♣♣♣♣.###############
............♣ ♣.>..........>...
...####.....♣ ♣.###############
...# #####.♣ ♣.# ###########.♣♣
♣.########
.........##..♣♣♣♣........#
########.##......J######.#
#..#.#...@......#.# #####
##.#.#.########.#.# #...†
#.#.#.#......#.#.# #.###
#.#.#.#....)...#.# #.#
######.#.#.##########.# #.#
#......#.#............####.#
####.####...############...÷..#
.........#..#.......# #.######
##..........#.#####.# #.#


You could see an endoplasm.

Vanquished Creatures
  2 dart slugs (D:1)
  3 bats (D:1)
  4 endoplasms (D:1)
  A giant cockroach (D:1)
  A goblin (D:1)
  2 hobgoblins (D:1)
  2 quokkas (D:1)
  5 ball pythons (D:1)
  4 frilled lizards (D:1)
  4 kobolds (D:1)
  3 rats (D:1)
31 creatures vanquished.

Notes
Turn   | Place    | Note
-------+----------+-------------------------------------------
     0 | Abyss:1  | Gwenloh the Demonspawn Abyssal Knight began the quest for
                  | the Orb.
     0 | Abyss:1  | Reached XP level 1. HP: 18/18 MP: 2/2
    11 | D:1      | Escaped the Abyss
   333 | D:1      | Gained mutation: A meltable shield of frost defends you.
                  | (SH +4) [demonic ancestry]
   333 | D:1      | Reached XP level 2. HP: 9/24 MP: 3/3
   723 | D:1      | Reached ** piety under Lugonu
  1084 | D:1      | Reached XP level 3. HP: 29/29 MP: 4/4
  1478 | D:1      | Frozen to death by an endoplasm

Illustrated notes

Levels and vault maps discovered:
D:1:      dpeg_arrival_concentric_ovals, layout_basic, nrook_campfire
D:2:      layout_rooms, hellmonk_ecumenical_altar_defaced_shrine, serial_rivers,
          chequers_serial_rivers_micro_e, chequers_serial_rivers_room_a,
          chequers_serial_rivers_micro_c, chequers_serial_rivers_small_a,
          minmay_unequal, uniq_sigmund

Skill      XL: |  1  2 |
---------------+-------+-----
Maces & Flails | 2 3 |  3.1
Fighting       | |  3.2
Armour         | |  1.7
Dodging        | |  0.8
Invocations    | |  2.6

Action                   || total
-------------------------++-------
Melee: Mace              ||    81
Throw: Stone             ||     1
Invok: Bend Space        ||     4
Armor: Leather armour    ||    28
Dodge: Dodged            ||    52
Block: Other             ||     8
